 Dungeon Crawl Stone Soup version 0.26-a0-667-g92642533e4 (webtiles) character file.

Game seed: 596973751908586128

6066 lunkers the Cleaver (level 10, -1/73 HPs)
             Began as an Octopode Fighter on Oct 16, 2020.
             Was an Initiate of Gozag.
             Killed from afar by Psyche (3 damage)
             ... with a magic dart
             ... on level 8 of the Dungeon.
             The game lasted 00:13:23 (7779 turns).

lunkers the Cleaver (Octopode Fighter)              Turns: 7779, Time: 00:13:24

Health: -1/73      AC:  1    Str: 15    XL:     10   Next: 87%
Magic:  28/28      EV: 15    Int: 10    God:    Gozag
Gold:   1052       SH:  7    Dex: 22    Spells: 9/9 levels left

rFire    . . .     SeeInvis .   a - +5 war axe (vorpal)
rCold    . . .     Faith    .   B - +0 buckler
rNeg     . . .     Spirit   .   (helmet restricted)
rPois    .         Reflect  .   f - amulet of regeneration
rElec    .         Harm     .   g - ring of magical power
rCorr    +         Rampage  .   y - ring of resist corrosion
MR       .....                  C - ring of magical power
Stlth    +++.......             m - +6 ring of dexterity
HPRegen  0.62/turn              (no ring)
MPRegen  0.21/turn              (no ring)
                                (no ring)
                                (no ring)

@: about to teleport
A: almost no armour, stealthy swim, amphibious, 8 rings, constrict 8, camouflage
1, gelatinous body 1
a: Potion Petition, Call Merchant, Bribe Branch, Renounce Religion


You were on level 8 of the Dungeon.
You worshipped Gozag.
Gozag was most pleased with you.
You visited 1 branch of the dungeon, and saw 9 of its levels.

You collected 1137 gold pieces.
You paid 85 gold pieces to Gozag.

Inventory:

Hand Weapons
 a - a +5 vorpal war axe (weapon)
 E - a +1 hand axe of distortion
 J - a +0 war axe
Armour
 b - a +0 kite shield
 B - a +0 buckler (worn)
Jewellery
 f - an amulet of regeneration (around mantle)
 g - a ring of magical power (left tentacle)
 m - a +6 ring of dexterity (on tentacle)
 s - an uncursed amulet of reflection
 y - a ring of resist corrosion (right tentacle)
 C - a ring of magical power (on tentacle)
Wands
 F - a wand of polymorph (8)
 L - a wand of random effects (31)
Scrolls
 i - 4 scrolls of remove curse
 k - 2 scrolls of teleportation
 l - a scroll of enchant armour {unknown}
 n - a scroll of enchant weapon {unknown}
 q - a scroll of amnesia {unknown}
 r - a scroll of immolation {unknown}
 t - a scroll of noise {unknown}
 w - a scroll of random uselessness {unknown}
 A - 3 scrolls of fear {unknown}
 D - a scroll of fog {unknown}
 K - a scroll of summoning {unknown}
Potions
 c - 2 potions of might
 d - 3 potions of stabbing
 e - a potion of ambrosia {unknown}
 h - 2 potions of magic
 j - 4 potions of flight
 o - 2 potions of invisibility
 p - a potion of mutation {unknown}
 u - 4 potions of brilliance
 v - 2 potions of heal wounds {unknown}
 x - a potion of haste {unknown}
 z - 4 potions of curing
 G - 2 potions of lignification {unknown}
Miscellaneous
 H - a phial of floods
 I - a phial of floods


   Skills:
 + Level 8.6 Fighting
 * Level 11.4 Axes
 - Level 3.0 Dodging
 + Level 8.6 Shields


You had 9 spell levels left.
You didn't know any spells.
Your spell library contained the following spells:

 Spells                   Type           Power        Failure   Level
 Animate Skeleton         Necr           #.....       36%         1
 Apportation              Tloc           #.....       36%         1
 Corona                   Hex            #......      36%         1
 Summon Small Mammal      Summ           #...         36%         1


Dungeon Overview and Level Annotations

Branches:
Dungeon (9/15)             Temple (0/1) D:7
   Lair: D:8-11         Orc: D:9-12

Altars:
Cheibriados
Dithmenos
Gozag
Hepliaklqana
Ru
Sif Muna
Vehumet
Yredelemnul
The Shining One

Shops:
D:5 *

Annotations:
D:4 3 runed translucent doors, flotson's ghost, weakling DsDe
D:9 Psyche


Innate Abilities, Weirdness & Mutations

You cannot wear most types of armour.
You are very stealthy in the water. (Stealth+)
You are amphibious.
You can wear up to eight rings at the same time.
You can use your tentacles to constrict eight enemies at once.
Your skin changes colour to match your surroundings (Stealth+).
Your rubbery body absorbs attacks. (AC +1, EV +1)


Message History

There is a stone staircase leading down here.
Unknown command.
Unknown command.
You feel better. Something hits you.
* * * LOW HITPOINT WARNING * * *
Deactivating autopickup; reactivate with Ctrl-A.
The orc closely misses you. Something completely misses you.
Okay, then.
As you read the scroll labeled GUMUYC DIDA, it crumbles to dust.
You feel strangely unstable.
It was a scroll of teleportation.
You hear some strange, mumbled words.
A magic dart appears from out of thin air!
The magic dart hits you!
* * * LOW HITPOINT WARNING * * *
You block the orc's attack.
You hear some strange, mumbled words.
A magic dart appears from out of thin air!
The magic dart hits you.
You die...
Your body crumbles into a pile of gold.

#.# #............# #.#
#########..### #.# ##.# #.#
#.## #.# #..# #.# #########..#
#'## #.......##.## ...#
#.......##o.##############
...#
#.......###@{...>........#
.).# #.......#
#############.## ...#
#.......# #.# ...# #.......#
#.# ...# #.......# #.# ...#
#.......# #.# ...# #.......#
#.# ...# #.......# #.#
...###.......###############.#


You could see an orc.

Vanquished Creatures
  Harold (D:7)
  An ugly thing (D:8)
  A shining eye (D:7)
  Joseph (D:7)
  Maggie (D:8)
  A troll (D:7)
  Grinder (D:6)
  Sigmund (D:6)
  A wyvern (D:8)
  Edmund (D:6)
  Menkaure (D:6)
  2 ice beasts (D:7)
  An eye of draining (D:7)
  A sky beast (D:8)
  A necrophage (D:8)
  An orc warrior (D:8)
  4 ogres
  2 centaurs (D:7)
  2 big kobolds
  3 bullfrogs
  5 scorpions
  A wight (D:7)
  5 howler monkeys
  A bullfrog zombie (D:7)
  6 hounds
  An orc priest (D:5)
  A centaur skeleton (D:5)
  3 jellies
  6 orc wizards
  A bullfrog skeleton (D:7)
  7 iguanas
  4 worker ants
  A hound zombie (D:7)
  A hound skeleton (D:5)
  A worker ant zombie (D:7)
  7 gnolls
  13 adders
  3 shadow imps
  A white imp (D:8)
  An ufetubus (D:7)
  3 worms
  6 leopard geckos
  20 orcs
  3 bats
  5 giant cockroaches
  3 hobgoblins
  11 jackals
  2 quokkas
  A ball python (D:5)
  4 frilled lizards
  3 goblins
  A jackal zombie (D:7)
  15 kobolds
  A leopard gecko skeleton (D:5)
  A quokka zombie (D:5)
  6 rats
182 creatures vanquished.

Notes
Turn   | Place    | Note
-------+----------+-------------------------------------------
     0 | D:1      | lunkers the Octopode Fighter began the quest for the Orb.
     0 | D:1      | Reached XP level 1. HP: 16/16 MP: 1/1
    94 | D:1      | Reached XP level 2. HP: 17/21 MP: 2/2
  1063 | D:2      | Reached XP level 3. HP: 26/26 MP: 3/3
  1114 | D:2      | Reached skill level 3 in Axes
  1134 | D:2      | Found a snail-covered altar of Cheibriados.
  1220 | D:2      | Reached XP level 4. HP: 7/31 MP: 4/4
  1950 | D:3      | Found an opulent altar of Gozag.
  2011 | D:3      | Reached XP level 5. HP: 33/37 MP: 5/5
  2379 | D:4      | Reached skill level 4 in Axes
  2381 | D:4      | Noticed an ogre
  2556 | D:3      | Killed an ogre
  2556 | D:3      | Reached XP level 6. HP: 43/43 MP: 6/6
  2974 | D:4      | Found a glowing golden altar of the Shining One.
  2983 | D:4      | Found a basalt altar of Yredelemnul.
  2986 | D:4      | Reached skill level 5 in Axes
  3053 | D:4      | Noticed an angel
  3159 | D:4      | Noticed flotson's ghost (weakling DsDe)
  3161 | D:4      | Noticed an ice beast
  3209 | D:4      | Reached XP level 7. HP: 38/49 MP: 7/7
  3405 | D:4      | Found a runed translucent gate.
  3405 | D:4      | Found a runed translucent gate.
  3405 | D:4      | Found a runed translucent gate.
  3592 | D:5      | Entered Level 5 of the Dungeon
  3673 | D:3      | Became a worshipper of Gozag Ym Sagoz the Greedy
  3840 | D:5      | Reached skill level 6 in Axes
  3840 | D:5      | Reached skill level 5 in Shields
  3845 | D:5      | Reached skill level 5 in Fighting
  4034 | D:5      | Found a radiant altar of Vehumet.
  4055 | D:5      | Found a shadowy altar of Dithmenos.
  4230 | D:5      | Reached XP level 8. HP: 50/55 MP: 8/8
  4367 | D:5      | Found Wouninu's General Store.
  4577 | D:6      | Noticed Edmund
  4590 | D:6      | Killed Edmund
  4642 | D:6      | Noticed Sigmund
  4647 | D:6      | Killed Sigmund
  4647 | D:6      | Reached skill level 7 in Axes
  4750 | D:6      | Noticed Grinder
  4763 | D:6      | Killed Grinder
  5251 | D:6      | Noticed Menkaure
  5256 | D:6      | Killed Menkaure
  5256 | D:6      | Reached skill level 8 in Axes
  5341 | D:7      | Reached XP level 9. HP: 33/63 MP: 9/9
  5345 | D:7      | Noticed Joseph
  5588 | D:7      | Noticed a troll
  5598 | D:7      | HP: 1/63 [troll (8)]
  5599 | D:7      | Killed a troll
  5599 | D:7      | Reached skill level 9 in Axes
  5605 | D:7      | HP: 2/63 [poisoned by an adder]
  5765 | D:7      | Noticed a two-headed ogre
  5900 | D:7      | Found a staircase to the Ecumenical Temple.
  5936 | D:7      | Found a hazy altar of Hepliaklqana.
  5943 | D:7      | Found a shimmering blue altar of Sif Muna.
  6136 | D:7      | Noticed a shining eye
  6136 | D:7      | a two-headed ogre changed into a shining eye
  6141 | D:7      | Killed a shining eye
  6160 | D:7      | Reached XP level 10. HP: 64/71 MP: 10/10
  6167 | D:7      | Reached skill level 10 in Axes
  6175 | D:7      | HP: 1/71 [Joseph/+6 spectral quarterstaff (18)]
  6177 | D:7      | Killed Joseph
  6634 | D:7      | Found a sacrificial altar of Ru.
  6791 | D:7      | Noticed Harold
  6805 | D:7      | Killed Harold
  6992 | D:8      | Noticed Maggie
  7007 | D:8      | Killed Maggie
  7190 | D:8      | Noticed a purple ugly thing
  7203 | D:8      | Killed a purple ugly thing
  7203 | D:8      | Reached skill level 11 in Axes
  7766 | D:9      | Noticed Psyche
  7776 | D:9      | HP: 2/73 [something (4)]
  7779 | D:8      | Killed from afar by Psyche

Illustrated notes

Levels and vault maps discovered:
D:1:      giann_wishing_wells, layout_basic
D:2:      layout_basic, old_standard_altar, minmay_misc_feat_rugged
D:3:      minmay_general_purpose_star, layout_basic, nicolae_gozag_seed_capital
D:4:      layout_rooms, grunt_temple_overflow_holy_war, gammafunk_ghost_icy
D:5:      layout_loops_ring, vehumet_crystals, kennysheep_mini_moat,
          serial_shops, shop
D:6:      layout_basic, uniq_grinder, uniq_menkaure, uniq_sigmund, uniq_edmund
D:7:      minmay_the_grid_octo_tiled_octocenter [minmay_the_grid_octo_odd_swirl,
          minmay_the_grid_octo_focus, minmay_the_grid_octo_chip,
          minmay_the_grid_octo_pinwheel,
          minmay_the_grid_octo_prize_single_spiral,
          minmay_the_grid_square_5x5_mess, minmay_the_grid_square_5x5_shuriken,
          minmay_the_grid_square_5x5_dogpile,
          minmay_the_grid_square_5x5_spiral_small], layout_loops_ring,
          nicolae_ru_awakened_eye, amethyst_overflow_temple_binary,
          minmay_temple_entry_statues_fountains,
          lightli_ossuary_entry_decrepit_ruins, uniq_maggie, uniq_joseph,
          uniq_harold
D:8:      layout_basic
D:9:      layout_loops_cross, gammafunk_ghost_smash, serial_shops,
          nicolae_shop_trees, mrwooster_statue_mirror, uniq_psyche, uniq_maurice

Skill      XL: |  1  2  3  4  5  6  7  8  9 10 |
---------------+-------------------------------+-----
Axes           | 3 4 5 6 8 9 11 | 11.4
Fighting       | 4 5 6 7 8 |  8.6
Shields        | 4 5 6 7 8 |  8.6
Dodging        | |  3.0

Action                   |  1- 3 |  4- 6 |  7- 9 | 10-12 || total
-------------------------+-------+-------+-------+-------++-------
Melee: War axe           |    47 |    72 |   225 |   102 ||   446
       Constrict         |    14 |    17 |    52 |    22 ||   105
       Tentacles         |     9 |     7 |    55 |    35 ||   106
Evoke: Wand              |       |       |     3 |       ||     3
  Use: Potion            |       |     1 |     1 |     1 ||     3
       Scroll            |       |       |     7 |     2 ||     9
 Stab: Sleeping          |     8 |     5 |     6 |     3 ||    22
       Distracted        |       |       |     3 |       ||     3
Armor: Skin              |     2 |     3 |     5 |     1 ||    11
Dodge: Dodged            |    18 |    36 |   124 |    37 ||   215
Block: Kite shield       |    21 |    31 |     7 |       ||    59
       Buckler           |       |       |    45 |    22 ||    67

Table legend: (Time is in decaauts)
 A = Elapsed time spent in this place.
 B = Non-inter-level travel time spent in this place.
 C = Inter-level travel time spent in this place.
 D = Time resting spent in this place.
 E = Time spent auto-exploring this place.
 F = Levels seen in this place.
 G = Mean time per level.
                   A        B        C        D        E       F      G
               +--------+--------+--------+--------+--------+-----+--------+
         Total |   7851 |   7640 |    211 |    398 |   5737 |   9 |  872.3 |
       Dungeon |   7851 |   7640 |    211 |    398 |   5737 |   9 |  872.3 |
               +--------+--------+--------+--------+--------+-----+--------+

Top non-repeatable levels by time:
     D:7: 1481 daAuts
     D:3: 1112 daAuts
     D:4: 1014 daAuts
     D:1: 993 daAuts
     D:6: 967 daAuts
     D:8: 848 daAuts
     D:5: 840 daAuts
     D:2: 583 daAuts
     D:9: 10 daAuts
